Map: Orbital Shipyard

Players

NewDawn - Winner!

  • Race: Protoss Protoss

A.I. 1 (Harder)

  • Race: Protoss Protoss

VOD

Have the link to the VOD?

Description

Time

  • Played on: Dec. 22, 2015, 1:41 p.m.
  • Length: 7:37
Show
View Real Time Build Order
Export as new Build Order

NewDawn Protoss - Winner!

Build Orders:  

Get SALT Encoding   

  12  0:01  Probe (Chrono Boost)  
  13  0:11  Probe (Chrono Boost)  
  14  0:17  Pylon  
  14  0:22  Probe (Chrono Boost)  
  15  0:36  Probe (Chrono Boost)  
  15  0:39  Gateway  
  16  0:46  Probe (Chrono Boost)  
  17  0:54  Pylon  
  18  0:57  Probe (Chrono Boost)  
  18  1:03  Assimilator  
  18  1:07  Probe (Chrono Boost)  
  19  1:18  Probe (Chrono Boost)  
  20  1:28  Probe (Chrono Boost), Zealot  
  23  1:34  Cybernetics Core  
  23  1:39  Probe (Chrono Boost)  
  24  1:43  Gateway  
  24  1:50  Probe (Chrono Boost)  
  25  1:54  Pylon  
  25  1:56  Zealot  
  25  2:00  Probe (Chrono Boost)  
  28  2:12  Warp Gate (Chrono Boost)  
  28  2:18  Gateway  
  28  2:23  Stalker  
  30  2:31  Gateway  
  30  2:34  Assimilator  
  30  2:43  Pylon  
  30  2:46  Stalker  
  32  3:02  Stalker  
  34  3:06  Stalker  
  36  3:18  Stalker  
  36  3:19  Stalker  
  40  3:37  Pylon  
  40  4:01  Stalker x3  
  40  4:02  Stalker  
  48  4:18  Pylon  
  48  4:31  Stalker x3  
  44  5:23  Stalker x3  
  44  5:24  Stalker  
  52  5:43  Pylon  
  52  6:02  Stalker x2  
  52  6:03  Stalker x2  
  60  6:27  Stalker  
  60  6:28  Stalker x3  
  68  6:34  Pylon  
  68  7:09  Stalker x3  
  68  7:10  Stalker  
  76  7:17  Pylon  
  76  7:34  Stalker  
Show
View Real Time Build Order
Export as new Build Order

A.I. 1 (Harder) Protoss 

Build Orders: 1 Gate Expand 

Get SALT Encoding   

  12  0:01  Probe (Chrono Boost)  
  13  0:11  Probe (Chrono Boost)  
  14  0:20  Pylon  
  14  0:22  Probe (Chrono Boost)  
  15  0:38  Probe (Chrono Boost)  
  16  0:49  Probe (Chrono Boost)  
  17  0:50  Gateway  
  17  1:08  Nexus  
  17  1:12  Probe (Chrono Boost)  
  18  1:27  Pylon  
  18  1:31  Assimilator  
  18  1:34  Zealot  
  20  1:41  Cybernetics Core  
  20  1:43  Probe (Chrono Boost)  
  22  1:55  Probe (Chrono Boost)  
  22  2:06  Probe (Chrono Boost), Gateway  
  23  2:14  Stalker, Assimilator  
  26  2:23  Probe (Chrono Boost)  
  26  2:24  Pylon  
  26  2:33  Probe (Chrono Boost)  
  26  2:36  Warp Gate  
  27  2:42  Stalker  
  27  2:45  Probe (Chrono Boost)  
  30  2:52  Probe (Chrono Boost)  
  30  2:56  Probe (Chrono Boost)  
  32  3:03  Probe (Chrono Boost), Gateway  
  33  3:08  Probe (Chrono Boost)  
  33  3:09  Sentry  
  36  3:14  Probe (Chrono Boost)  
  36  3:19  Probe (Chrono Boost)  
  38  3:29  Robotics Facility  
  38  3:40  Assimilator  
  38  3:44  Assimilator  
  38  3:57  Probe (Chrono Boost)  
  38  3:59  Probe (Chrono Boost)  
  40  4:08  Probe (Chrono Boost)  
  42  4:10  Probe (Chrono Boost)  
  42  4:12  Stargate  
  42  4:13  Immortal  
  46  4:19  Probe (Chrono Boost)  
  48  4:24  Probe (Chrono Boost)  
  48  4:25  Pylon  
  48  4:30  Probe (Chrono Boost)  
  41  4:38  Zealot  
  41  4:42  Mothership Core (Chrono Boost)  
  43  4:47  Pylon  
  43  4:49  Pylon  
  43  4:54  Stalker  
  42  5:04  Stalker  
  32  5:14  Zealot  
  32  5:18  Mothership Core (Chrono Boost)  
  29  5:35  Pylon  
  24  5:38  Probe (Chrono Boost)  
  24  5:40  Mothership Core (Chrono Boost)  
  19  5:58  Probe (Chrono Boost)  
  17  6:54  Pylon  
  17  6:57  Pylon  
  15  7:04  Probe (Chrono Boost)  
Tags
 
Add a new tag
Caveats
  • Supply blocks, unpowered buildings, or Contaminate may cause inaccurate times.
  • Supply counts are checked every 10 seconds.